 Dungeon Crawl Stone Soup version 0.24-a0-592-g9a1d66b0e3 (webtiles) character file.

Game seed: 5332674397479747283, levelgen mode: deterministic

198507 Masnef the Tortoise (level 17, 0/237 HPs)
             Began as a Minotaur Berserker on Sept 8, 2019.
             Was a High Priest of Trog.
             Slain by a nagaraja
             ... wielding a +0 halberd
              (14 damage)
             ... on level 4 of the Snake Pit on Sept 9, 2019.
             The game lasted 01:34:53 (29727 turns).

Masnef the Tortoise (Minotaur Berserker)           Turns: 29727, Time: 01:34:54

Health: 0/237      AC: 31    Str: 37    XL:     17   Next: 81%
Magic:  5/5        EV: 14    Int:  4    God:    Trog [*****.]
Gold:   1702       SH: 26    Dex: 13    Spells: 16/16 levels left

rFire    + + .     SeeInvis .   L - +3 double sword (antimagic)
rCold    x . .     Gourm    .   t - +2 large shield
rNeg     + + +     Faith    .   s - +5 plate armour of Beyond {*Slow rN++ Regen+ rCorr}
rPois    +         Spirit   .   P - +2 hat of Conscience {rF+ rN++}
rElec    +         Reflect  .   (no cloak)
rCorr    +         Harm     .   C - +0 pair of gloves {archery}
MR       ++++.                  m - +2 pair of boots
Stlth    ..........             z - amulet of regeneration
HPRegen  1.29/turn              v - ring "Faubric" {Fire *Slow rElec rPois MR+++}
MPRegen  0.09/turn              J - +4 ring of strength

@: berserking, lethally poisoned (0 -> 0), very quick
A: retaliatory headbutt, horns 2, talons 1, low mp 1, strong 1
}: 1/15 runes: decaying
a: Berserk, Trog's Hand, Brothers in Arms, Renounce Religion


You were on level 4 of the Snake Pit.
You worshipped Trog.
Trog was extremely pleased with you.
You were not hungry.

You visited 5 branches of the dungeon, and saw 27 of its levels.
You also visited: Gauntlet.

You collected 2911 gold pieces.
You spent 1209 gold pieces at shops.

Inventory:

Hand Weapons
 b - a +1 antimagic demon blade
 I - the +10 trident "Tormentor" {freeze, MR++ Int+2 SInv}
   (You bought it in a shop on level 10 of the Dungeon)

   It has been specially enchanted to freeze those struck by it, causing extra
   injury to most foes and up to half again as much damage against particularly
   susceptible opponents.
   It can also slow down cold-blooded creatures.
   It affects your intelligence (+2).
   It affects your resistance to hostile enchantments.
   It lets you see invisible.
 L - a +3 antimagic double sword (weapon)
 Q - a +1 demon trident of flaming
Armour
 m - a +2 pair of boots (worn)
 s - the +5 plate armour of Beyond (worn) {*Slow rN++ Regen+ rCorr}
   (You acquired it on level 11 of the Dungeon)

   It greatly protects you from negative energy.
   It increases your rate of regeneration.
   It provides partial protection from all sources of acid and corrosion.
   It may slow you when you take damage.
 t - a +2 large shield (worn)
 y - the +2 hat of Cloud Cover {rC+ Dex+3}
   (You found it on level 5 of the Lair of Beasts)

   It affects your dexterity (+3).
   It protects you from cold.
 C - a +0 pair of gloves of archery (worn)
 O - the +1 ring mail of Distant Worlds {rCorr Int+3}
   (You found it in a Gauntlet)

   It affects your intelligence (+3).
   It provides partial protection from all sources of acid and corrosion.
 P - the +2 hat of Conscience (worn) {rF+ rN++}
   (You found it in a Gauntlet)

   It protects you from fire.
   It greatly protects you from negative energy.
 X - a +0 shield
Jewellery
 i - a +4 ring of evasion
 q - an uncursed ring of protection from cold
 v - the ring "Faubric" (left hand) {Fire *Slow rElec rPois MR+++}
   (You took it off a minotaur in a Gauntlet)

   [ring of fire]

   It enhances your fire magic.
   It protects you from fire.
   It makes you vulnerable to cold.
   It insulates you from electricity.
   It protects you from poison.
   It affects your resistance to hostile enchantments.
   It may slow you when you take damage.
 x - an uncursed amulet of harm
 z - an amulet of regeneration (around neck)
 J - a +4 ring of strength (right hand)
 W - an uncursed ring of fire
Wands
 g - a wand of acid (3)
 F - a wand of iceblast (41)
 R - a wand of digging (13)
 V - a wand of scattershot (15)
Scrolls
 h - 5 scrolls of amnesia
 j - 10 scrolls of identify
 n - 8 scrolls of teleportation
 o - 2 scrolls of summoning
 p - 5 scrolls of blinking
 w - 8 scrolls of magic mapping
 D - 5 scrolls of immolation
 E - 8 scrolls of remove curse
 G - 5 scrolls of fear
 H - 4 scrolls of noise
 S - a scroll of fog
 T - a scroll of enchant armour
 Z - 2 scrolls of enchant weapon
Potions
 a - a potion of haste
 d - 6 potions of brilliance
 e - 7 potions of heal wounds
 f - 3 potions of magic
 k - 2 potions of lignification
 l - 11 potions of curing
 r - 6 potions of flight
 u - 2 potions of mutation
 A - 3 potions of degeneration
 B - 3 potions of resistance
 K - a potion of ambrosia
 M - 4 potions of might
 N - 2 potions of agility
 Y - 2 potions of invisibility
Miscellaneous
 U - a fan of gales
Comestibles
 c - 25 rations


   Skills:
 + Level 15.8 Fighting
 - Level 14.6 Long Blades
 - Level 14.0 Polearms
 * Level 18.5 Armour
 * Level 11.5 Dodging
 * Level 16.8 Shields
 * Level 5.3 Evocations


You had 16 spell levels left.
You didn't know any spells.
Your spell library contained the following spells:

 Spells                   Type           Power        Failure   Level  Hunger
 Animate Skeleton         Necr           N/A          99%         1    ##.....
 Apportation              Tloc           #.....       99%         1    ##.....
 Confusing Touch          Hex            #.....       99%         1    ##.....
 Corona                   Hex            #......      99%         1    ##.....
 Infusion                 Chrm           #...         99%         1    ##.....
 Summon Butterflies       Summ           #.......     99%         1    ##.....
 Summon Small Mammal      Summ           #...         99%         1    ##.....
 Shroud of Golubria       Chrm/Tloc      #.....       100%        2    ###....
 Call Canine Familiar     Summ           #.......     100%        3    ####...
 Confuse                  Hex            #.......     100%        3    ####...
 Gell's Gravitas          Tloc           #.........   100%        3    ####...
 Ignite Poison            Fire/Tmut/Pois #.......     100%        3    ####...
 Lesser Beckoning         Tloc           #.........   100%        3    ####...
 Portal Projectile        Hex/Tloc       #.....       100%        3    ####...
 Regeneration             Chrm/Necr      #.........   100%        3    ####...
 Spectral Weapon          Hex/Chrm       #.......     100%        3    ####...
 Petrify                  Tmut/Erth      #.......     100%        4    #####..
 Blade Hands              Tmut           #.........   100%        5    ######.
 Excruciating Wounds      Chrm/Necr      #.........   100%        5    ######.
 Irradiate                Conj/Tmut      #.........   100%        5    ######.
 Iskenderun's Battlesphe  Conj/Chrm      #.......     100%        5    ######.
 Metabolic Englaciation   Hex/Ice        #.........   100%        5    ######.
 Summon Mana Viper        Hex/Summ       #.......     100%        5    ######.
 Yara's Violent Unravell  Hex/Tmut       #.........   100%        5    ######.
 Hydra Form               Tmut           #.........   100%        6    #######
 Dragon Form              Tmut           #.........   100%        7    #######
 Ring of Flames           Chrm/Fire      #.........   100%        7    #######
 Spellforged Servitor     Conj/Summ      #.........   100%        7    #######
 Summon Hydra             Summ           #.........   100%        7    #######


Dungeon Overview and Level Annotations

Branches:
Dungeon (11/15)            Temple (0/1) D:5            Lair (6/6) D:9
  Swamp (4/4) Lair:4        Snake (4/4) Lair:2        Slime (0/5) Lair:5
    Orc (2/2) D:9             Elf (0/3) Orc:2       Gauntlet (visited)

Altars:
Ashenzari
Fedhas
Nemelex Xobeh
Trog
Uskayaw
Wu Jian
Zin
Jiyva

Shops:
D:10 =(   Orc:1 [   Orc:2 }:*[(


Innate Abilities, Weirdness & Mutations

You reflexively headbutt those who attack you in melee.
You have a pair of horns on your head.
You have sharp toenails.
Your magical capacity is low. (-10% MP)
Your muscles are strong. (Str +2)


Message History

Unknown command.
Unknown command.
Unknown command.
Unknown command.
Unknown command.
Unknown command.
You slash the naga!
You feel the power of Trog in you as your rage grows.
You kill the naga!
Trog accepts your kill.
You block the anaconda's attack. x2; The guardian serpent barely misses you.
You furiously retaliate!
You headbutt the guardian serpent. You block the anaconda's attack.
The anaconda bites you but does no damage.
The guardian serpent coils itself and waves its upper body at you.
The bolt of poison hits the naga.
The bolt of poison misses you.
The bolt of poison hits the anaconda!!
The anaconda is poisoned.
You block the nagaraja's attack.
The nagaraja hits you with a +0 halberd!
You die...

..⌠.......⌠...#
....8...8.....#
..............#
....8.NN8.§...#
.⌠...NNNN..⌠.#
....8NNN8N...#
#.....NSSS..#
#....NN@S...#
##....S)N..##
###..N..###
####.S.##
##....§..#
##..T)...#
##.)†).####
#..)(##
#..())########


You could see a naga warrior, 4 nagarajas, a naga sharpshooter, a salamander, 2
anacondas, 4 guardian serpents, 4 naga magi, 4 nagas and a friendly iron troll
(berserk).

Vanquished Creatures
  the Lernaean hydra (Swamp:4)
  Vashnia (Snake:4)
  Asterion (Snake:2)
  2 thorn hunters
  Roxanne (Swamp:2)
  Donald (Swamp:2)
  Kirke (Swamp:2)
  3 nagarajas (Snake:4)
  3 orc warlords
  Louise (Swamp:3)
  The ghost of Tyib the Severer, a journeyman MiFi of the Shining One (Lair:5)
  A minotaur (Gauntlet)
  A fire dragon (Lair:6)
  18 hydras
  13 naga warriors
  2 shambling mangroves
  2 two-headed ogres
  10 anacondas
  19 alligators
  8 death yaks
  6 shock serpents
  11 naga sharpshooters
  3 orc high priests (Orc:2)
  A salamander mystic (Snake:3)
  A spriggan druid (Swamp:3)
  14 swamp dragons
  4 orc knights
  9 naga ritualists
  3 lindwurms (Lair:6)
  The ghost of Gynju the Poker, a novice MfAK of Lugonu (D:6)
  4 mana vipers
  Pikel (D:5)
  4 orc sorcerers
  9 slime creatures
  A moth of wrath (Lair:5)
  A cyclops (D:11)
  8 salamanders
  Joseph (D:8)
  Maurice (D:8)
  A centaur zombie (D:11)
  4 guardian serpents
  An apocalypse crab (Gauntlet)
  10 naga magi
  28 black mambas
  5 torpor snails (Lair:6)
  20 spiny frogs
  2 centaur skeletons
  4 rime drakes
  8 komodo dragons
  4 trolls
  17 blink frogs
  2 polar bears
  Grinder (D:3)
  13 tyrant leeches
  17 hornets
  Prince Ribbit (D:8)
  10 bog bodies
  7 dream sheep
  8 hippogriffs
  5 spriggans
  5 shadows
  44 yaks
  3 hogs (Swamp:2)
  5 wyverns
  4 basilisks
  4 steam dragons
  13 swamp worms
  18 vampire mosquitoes
  2 wargs
  Edmund (D:4)
  16 insubstantial wisps
  37 nagas
  A soldier ant (D:10)
  Menkaure (D:4)
  4 acid dragons
  25 water moccasins
  Duvessa (D:4)
  9 porcupines
  22 swamp drakes
  35 orc warriors
  A black bear (D:6)
  3 sky beasts
  A slave (D:5)
  A necrophage (D:9)
  5 ice beasts
  6 ogres
  6 wolves (Lair:6)
  An eye of draining (D:11)
  7 centaurs
  16 crocodiles
  2 big kobolds
  19 bullfrogs
  2 gnoll sergeants
  2 wyvern zombies
  Dowan (D:4)
  13 scorpions
  12 killer bees
  5 wights (D:10)
  A howler monkey (D:10)
  2 electric eels (Snake:2)
  2 crimson imps (D:9)
  3 bullfrog zombies
  3 hounds
  6 jellies
  34 orc wizards
  27 orc priests
  3 bullfrog skeletons
  6 iguanas
  Natasha (thrice) (D:4)
  9 worker ants
  2 hound zombies
  2 hound skeletons
  A worker ant zombie (D:6)
  25 adders
  7 gnolls
  A shadow imp (D:5)
  2 oozes (Lair:5)
  2 adder skeletons
  An adder zombie (D:8)
  2 worms
  2 dart slugs
  2 leopard geckos
  73 orcs
  3 ball pythons
  4 giant cockroaches
  9 goblins
  8 hobgoblins
  12 jackals
  7 quokkas
  11 bats
  4 frilled lizards
  14 kobolds
  A leopard gecko zombie (D:8)
  12 rats
  3 briar patches
  3 fungi
  3 plants (Lair:2)
1009 creatures vanquished.

Vanquished Creatures (collateral kills)
  A nagaraja (Snake:4)
  A fire dragon (Lair:6)
  6 anacondas (Snake:4)
  A hydra (Swamp:2)
  A two-headed ogre (D:11)
  A death yak (Lair:6)
  4 guardian serpents (Snake:4)
  2 black mambas
  2 slime creatures (Swamp:1)
  A yak (Lair:6)
  5 nagas (Snake:4)
  A centaur (D:6)
  A crocodile (Lair:6)
  An orc priest (Orc:2)
  2 orcs (Orc:2)
  2 jackals (D:6)
  A plant (Lair:6)
33 creatures vanquished.

Vanquished Creatures (others)
  A hydra (Swamp:1)
  A spriggan (Swamp:2)
  A howler monkey (D:5)
  A briar patch (Swamp:3)
  8 fungi
  13 plants
25 creatures vanquished.

Grand Total: 1067 creatures vanquished

Notes
Turn   | Place    | Note
-------+----------+-------------------------------------------
     0 | D:1      | Masnef the Minotaur Berserker began the quest for the Orb.
     0 | D:1      | Reached XP level 1. HP: 19/19 MP: 0/0
   245 | D:1      | Reached XP level 2. HP: 23/27 MP: 1/1
   656 | D:2      | Reached ** piety under Trog
   656 | D:2      | Reached XP level 3. HP: 33/33 MP: 2/2
   671 | D:2      | Reached skill level 5 in Long Blades
  1034 | D:2      | Reached XP level 4. HP: 40/40 MP: 3/3
  1099 | D:2      | Found a blossoming altar of Fedhas.
  1424 | D:3      | Found a faded altar of an unknown god.
  1941 | D:3      | Noticed Grinder
  1958 | D:3      | HP: 3/60 [Grinder (6)]
  1960 | D:3      | Killed Grinder
  1960 | D:3      | Reached XP level 5. HP: 4/46 MP: 4/4
  1960 | D:3      | Reached XP level 6. HP: 4/52 MP: 5/5
  2529 | D:4      | Noticed Menkaure
  2537 | D:4      | Killed Menkaure
  2669 | D:4      | Reached skill level 1 in Shields
  2669 | D:4      | Reached XP level 7. HP: 38/59 MP: 6/6
  2833 | D:4      | Noticed Duvessa
  2833 | D:4      | Noticed Dowan
  2838 | D:4      | Killed Duvessa
  2842 | D:4      | Killed Dowan
  3033 | D:4      | Noticed Edmund
  3055 | D:4      | Killed Edmund
  3418 | D:4      | Noticed Natasha
  3428 | D:4      | Killed Natasha
  3435 | D:4      | Got a distressingly furry ring mail
  3446 | D:4      | Identified the +1 ring mail "Ihihe" {Str+3} (You found it
                  | on level 4 of the Dungeon)
  3526 | D:4      | Noticed Natasha
  3533 | D:4      | Killed Natasha
  3584 | D:4      | Noticed Natasha
  3594 | D:4      | Killed Natasha
  3594 | D:4      | Reached *** piety under Trog
  3594 | D:4      | Reached XP level 8. HP: 50/67 MP: 7/7
  3737 | D:4      | Reached skill level 10 in Long Blades
  4616 | D:5      | Entered Level 5 of the Dungeon
  4629 | D:5      | Found a staircase to the Ecumenical Temple.
  4802 | D:5      | Reached skill level 3 in Armour
  4883 | D:5      | Noticed Pikel
  4900 | D:5      | Killed Pikel
  4900 | D:5      | Reached skill level 5 in Fighting
  4900 | D:5      | Reached skill level 4 in Armour
  4900 | D:5      | Reached skill level 5 in Dodging
  5369 | D:5      | Reached skill level 5 in Armour
  5375 | D:5      | Found an ornate altar of the Wu Jian Council.
  5375 | D:5      | Found a hide-covered altar of Uskayaw.
  5675 | D:6      | Reached XP level 9. HP: 37/74 MP: 8/8
  5875 | D:6      | Noticed Gynju's ghost (novice MfAK)
  5980 | D:6      | Reached **** piety under Trog
  6117 | D:6      | Reached skill level 6 in Armour
  6144 | D:6      | Found a runed translucent gate.
  6144 | D:6      | Found a runed translucent gate.
  6145 | D:6      | Found a runed translucent gate.
  6167 | D:6      | Killed Gynju's ghost
  6171 | D:6      | Reached skill level 5 in Shields
  6174 | D:6      | Reached skill level 7 in Armour
  6182 | D:6      | Received a gift from Trog
  6563 | D:7      | Found a sparkling altar of Nemelex Xobeh.
  7296 | D:8      | Noticed Prince Ribbit
  7303 | D:8      | Killed Prince Ribbit
  7308 | D:8      | Reached skill level 8 in Armour
  7308 | D:8      | Reached XP level 10. HP: 77/84 MP: 9/9
  7712 | D:8      | Noticed Joseph
  7722 | D:8      | Killed Joseph
  7868 | D:8      | Noticed Maurice
  7883 | D:8      | Killed Maurice
  8249 | D:9      | Found a staircase to the Orcish Mines.
  8270 | D:9      | Found a shattered altar of Ashenzari.
  8340 | D:9      | Noticed a moth of wrath
  8343 | D:9      | Found a bloodstained altar of Trog.
  8407 | D:9      | Reached ***** piety under Trog
  8560 | D:9      | Reached skill level 9 in Armour
  8566 | D:9      | Found a staircase to the Lair.
  8897 | D:10     | Entered Level 10 of the Dungeon
  8904 | D:10     | Received a gift from Trog
  9015 | D:10     | Reached XP level 11. HP: 83/93 MP: 10/10
  9087 | D:10     | Found Iciruc's Jewellery Shoppe.
  9214 | D:10     | Found Ofoneudd's Antique Weapon Shoppe.
  9238 | D:10     | Bought a crystal trident for 229 gold pieces
  9238 | D:10     | Identified the +10 trident "Tormentor" {freeze, MR++ Int+2
                  | SInv} (You bought it in a shop on level 10 of the Dungeon)
  9295 | D:10     | Reached skill level 1 in Polearms
  9446 | D:10     | Reached skill level 5 in Polearms
  9793 | D:11     | Noticed a two-headed ogre
  9801 | D:11     | Killed a two-headed ogre
  9801 | D:11     | Received a gift from Trog
  9910 | D:11     | Noticed a five-headed hydra
  9920 | D:11     | Killed a nine-headed hydra
 10063 | D:11     | Identified a scroll of acquirement
 10066 | D:11     | Got an encrusted plate armour
 10068 | D:11     | Noticed a two-headed ogre
 10073 | D:11     | Killed a two-headed ogre
 10084 | D:11     | Identified the +5 plate armour of Beyond {*Slow rN++ Regen+
                  | rCorr} (You acquired it on level 11 of the Dungeon)
 10572 | D:11     | Reached XP level 12. HP: 104/106 MP: 3/11
 10594 | D:11     | Reached skill level 10 in Fighting
 10594 | D:11     | Reached skill level 10 in Armour
 10797 | Lair:1   | Entered Level 1 of the Lair of Beasts
 10847 | Lair:1   | Found a gate leading to a gauntlet.
 10861 | Gauntlet | Entered a Gauntlet
 10861 | Gauntlet | Found a transporter.
 10861 | Gauntlet | Found a transporter.
 10863 | Gauntlet | Found a transporter.
 10864 | Gauntlet | Found a transporter.
 10865 | Gauntlet | Found a transporter.
 10867 | Gauntlet | Found a transporter.
 10872 | Gauntlet | Noticed a death scarab
 10875 | Gauntlet | Found a transporter.
 10876 | Gauntlet | Found a transporter.
 10878 | Gauntlet | Found a transporter.
 10878 | Gauntlet | Found a transporter.
 10886 | Gauntlet | Found a transporter.
 10886 | Gauntlet | Found a transporter.
 11063 | Gauntlet | Got an ichor-stained leather armour
 11074 | Gauntlet | Identified the cursed +1 leather armour "Negekk Duesi"
                  | {Stlth+} (You found it in a Gauntlet)
 11093 | Gauntlet | Reached skill level 10 in Dodging
 11120 | Gauntlet | Got a brightly glowing ring mail
 11141 | Gauntlet | Identified the +1 ring mail of Distant Worlds {rCorr Int+3}
                  | (You found it in a Gauntlet)
 11183 | Gauntlet | Got a faintly glowing hat
 11194 | Gauntlet | Identified the +2 hat of Conscience {rF+ rN++} (You found
                  | it in a Gauntlet)
 11229 | Gauntlet | Identified the ring "Faubric" {Fire *Slow rElec rPois
                  | MR+++}
 11229 | Gauntlet | Noticed a minotaur
 11244 | Gauntlet | Killed a minotaur
 11334 | Gauntlet | Identified the Incunabulum of Beguiling
 11336 | Gauntlet | Identified the Disquisition on Supportive Dislocation
 11340 | Gauntlet | Identified Ubukkou's Incunabulum of Protection
 11341 | Gauntlet | Got a smoking ring mail
 11343 | Gauntlet | Identified the Reference Book on Shape Shifting
 11357 | Gauntlet | Got an encrusted dagger
 11358 | Gauntlet | Identified the cursed +0 dagger "Cif Joedoc" {speed, +Inv
                  | rC+ SInv} (You found it in a Gauntlet)
 11635 | Lair:1   | Reached skill level 11 in Armour
 11757 | Lair:1   | Noticed a seven-headed hydra
 11764 | Lair:1   | Killed a seven-headed hydra
 12760 | Lair:2   | Found a staircase to the Snake Pit.
 12774 | Lair:2   | Reached skill level 12 in Armour
 13452 | Lair:3   | Noticed a four-headed hydra
 13458 | Lair:3   | Killed a four-headed hydra
 13671 | Lair:3   | Reached XP level 13. HP: 117/117 MP: 12/12
 13809 | Lair:3   | Reached skill level 13 in Armour
 14842 | Lair:4   | Found a staircase to the Swamp.
 14954 | Lair:4   | Found a glowing silver altar of Zin.
 15516 | Lair:5   | Reached skill level 14 in Armour
 15652 | Lair:5   | Found a transporter.
 15683 | Lair:5   | Noticed Tyib's ghost (journeyman MiFi)
 15717 | Lair:5   | Found a transporter.
 15744 | Lair:5   | Killed Tyib's ghost
 15760 | Lair:5   | Got a steaming hat
 15771 | Lair:5   | Identified the +2 hat of Cloud Cover {rC+ Dex+3} (You found
                  | it on level 5 of the Lair of Beasts)
 15988 | Lair:5   | Found a runed translucent door.
 15989 | Lair:5   | Found a viscous altar of Jiyva.
 15991 | Lair:5   | Found a staircase to the Slime Pits.
 16399 | Lair:6   | Entered Level 6 of the Lair of Beasts
 16675 | Lair:6   | Reached skill level 10 in Polearms
 16678 | Lair:6   | Reached XP level 14. HP: 99/127 MP: 13/13
 16775 | Lair:6   | Reached skill level 15 in Armour
 16869 | Lair:6   | Identified the cursed +1 ring mail of Decompression
                  | {Slay+2} (You found it in a Gauntlet)
 17551 | Lair:6   | Found a runed translucent door.
 17934 | Lair:6   | Paralysed by a hornet for 2 turns
 19449 | Orc:1    | Entered Level 1 of the Orcish Mines
 19537 | Orc:1    | Found Soyceq's Antique Armour Boutique.
 19729 | Orc:1    | Noticed an orc warlord
 19748 | Orc:1    | Killed an orc warlord
 19834 | Orc:1    | Received a gift from Trog
 20455 | Orc:2    | Entered Level 2 of the Orcish Mines
 20455 | Orc:2    | Found Nuefemp's Gadget Shop.
 20455 | Orc:2    | Noticed an orc warlord
 20534 | Orc:2    | Killed an orc warlord
 20853 | Orc:2    | Gained mutation: You are dopey. (Int -2) [a neqoxec]
 21213 | Orc:2    | Noticed an orc warlord
 21215 | Orc:2    | Reached ****** piety under Trog
 21226 | Orc:2    | Killed an orc warlord
 21302 | Orc:2    | Found a staircase to the Elven Halls.
 21406 | Orc:2    | Found Coyj's General Store.
 21407 | Orc:2    | Found Jaucytig's Book Shop.
 21408 | Orc:2    | Found Fyuq's Antique Armour Boutique.
 21408 | Orc:2    | Found Nyulul's Antique Weapon Boutique.
 21563 | Orc:1    | Bought a pair of glowing boots for 300 gold pieces
 21563 | Orc:1    | Bought a pair of glowing gloves for 300 gold pieces
 21563 | Orc:1    | Bought an ichor-stained large shield for 380 gold pieces
 21587 | Orc:1    | Identified the cursed +0 large shield of the Sacrificial
                  | Victim {rC++ rCorr Int-5} (You bought it in a shop on level
                  | 1 of the Orcish Mines)
 21587 | Orc:1    | Lost intelligence.
 21798 | Swamp:1  | Entered Level 1 of the Swamp
 21815 | Swamp:1  | Reached XP level 15. HP: 115/137 MP: 14/14
 21897 | Swamp:1  | Received a gift from Trog
 22024 | Swamp:1  | Upgraded the game from 0.24-a0-586-g8e0e932a4c to
                  | 0.24-a0-592-g9a1d66b0e3
 22098 | Swamp:1  | Reached skill level 10 in Shields
 22170 | Swamp:1  | Noticed a thorn hunter
 22180 | Swamp:1  | Killed a thorn hunter
 22180 | Swamp:1  | Reached skill level 16 in Armour
 22805 | Swamp:2  | Noticed Donald
 22823 | Swamp:2  | Killed Donald
 22994 | Swamp:2  | Noticed Roxanne
 23047 | Swamp:2  | Killed Roxanne
 23212 | Swamp:2  | Noticed Kirke
 23233 | Swamp:2  | Killed Kirke
 23838 | Swamp:3  | Reached skill level 17 in Armour
 23976 | Swamp:3  | Noticed a thorn hunter
 23994 | Swamp:3  | Killed a thorn hunter
 24248 | Swamp:3  | Received a gift from Trog
 24259 | Swamp:3  | Reached skill level 1 in Evocations
 24422 | Swamp:3  | Noticed Louise
 24432 | Swamp:3  | Killed Louise
 24432 | Swamp:3  | Reached XP level 16. HP: 147/147 MP: 5/16
 24910 | Swamp:4  | Entered Level 4 of the Swamp
 25903 | Swamp:4  | Received a gift from Trog
 25975 | Swamp:4  | Noticed the 27-headed Lernaean hydra
 25985 | Swamp:4  | Killed the 26-headed Lernaean hydra
 25998 | Swamp:4  | Reached skill level 15 in Fighting
 26172 | Swamp:4  | Got a decaying rune of Zot
 26377 | Snake:1  | Entered Level 1 of the Snake Pit
 26687 | Snake:1  | Reached skill level 18 in Armour
 26925 | Snake:1  | Lost mutation: You are dopey. (Int -2) [potion of mutation]
 26925 | Snake:1  | Gained mutation: Scrolls take you a little longer to read.
                  | [potion of mutation]
 26925 | Snake:1  | Gained mutation: You have sharp fingernails. [potion of
                  | mutation]
 26925 | Snake:1  | Gained mutation: You possess an exceptional clarity of
                  | mind. [potion of mutation]
 26926 | Snake:1  | Lost mutation: Scrolls take you a little longer to read.
                  | [potion of mutation]
 26926 | Snake:1  | Lost mutation: You possess an exceptional clarity of mind.
                  | [potion of mutation]
 26926 | Snake:1  | Lost mutation: You have sharp fingernails. [potion of
                  | mutation]
 26926 | Snake:1  | Gained mutation: You have sharp toenails. [potion of
                  | mutation]
 26926 | Snake:1  | Gained mutation: Your magical capacity is low. (-10% MP)
                  | [potion of mutation]
 26926 | Snake:1  | Gained mutation: Your muscles are strong. (Str +2) [potion
                  | of mutation]
 27397 | Snake:2  | Noticed Asterion
 27407 | Snake:2  | Killed Asterion
 27643 | Snake:2  | Reached XP level 17. HP: 155/156 MP: 17/17
 27713 | Snake:2  | Received a gift from Trog
 28010 | Snake:2  | Identified the +3 flail of Cocytus {crush, Str+2 Int+4}
 28630 | Snake:3  | Reached skill level 15 in Shields
 29032 | Snake:4  | Entered Level 4 of the Snake Pit
 29058 | Snake:4  | Noticed Vashnia
 29131 | Snake:4  | Killed Vashnia
 29489 | Snake:4  | Reached skill level 5 in Evocations
 29513 | Snake:4  | Received a gift from Trog
 29727 | Snake:4  | Slain by a nagaraja

Levels and vault maps discovered:
D:1:      minmay_arrival_arboretum_small, layout_basic
D:2:      layout_basic, first_ration, kennysheep_crisscross, fedhas_altar_1
D:3:      layout_basic, chequers_ecumenical_altar_simple_redux, uniq_grinder
D:4:      minmay_opposing_rooms, layout_basic, uniq_menkaure, uniq_edmund,
          uniq_duvessa, uniq_natasha
D:5:      layout_loops_ring, minitemple, minmay_temple_entry_slanted,
          st_stairs_8, chequers_serial_rivers_small_b, uniq_pikel
D:6:      layout_cave_pools, gammafunk_ghost_split
D:7:      layout_basic, nemelex_xobeh_ov_fountains_minmay,
          minmay_misc_feat_columns, supply_closet_lemuel, the_bakery
D:8:      layout_loops_ring, eino_jars, uniq_maurice, uniq_prince_ribbit1,
          uniq_joseph
D:9:      layout_roguey, tgw_trog, nicolae_overflow_hidden_temple,
          dpeg_oklobed_lair
D:10:     old_forge, layout_basic, serial_shops, shop_statue, minivault_22,
          ebering_dispersal_statue_hall, minmay_shop_enchanted_jewellery
D:11:     layout_gridville
Lair:1:   layout_hall_layers, gauntlet_entry_generic, special_room,
          serial_bayou_shore_b, lemuel_fruit_fields
Lair:2:   layout_regular_city, minmay_snake_entry_six_corridors,
          grunt_megastairs_2
Lair:3:   layout_roguey, minivault_27
Lair:4:   layout_cave_pods, swamp_mist, basic_altar, beast_lair_carwin_9
Lair:5:   layout_concentric_octagons, slime_altar_2,
          gammafunk_ghost_berserking_beasts, guppyfry_lair_drakes,
          infiniplex_staircase_pool_2
Lair:6:   wormcave, layout_gridlike, guppyfry_lair_end_dragon
Swamp:1:  layout_basic_swamp, evilmike_swamp_ruin_house_6
Swamp:2:  layout_basic_swamp, nicolae_swamp_round_clearing, swamp_pool3,
          nicolae_swamp_triple_paths, uniq_kirke, uniq_roxanne, uniq_donald
Swamp:3:  layout_basic_swamp, serial_swamp_ruin, evilmike_swamp_ruin_rubble_2,
          evilmike_swamp_ruin_house_4, uniq_louise
Swamp:4:  swamp_basic_johnstein, layout_basic_swamp
Snake:1:  layout_concentric_octagons
Snake:2:  layout_honeycomb, grunt_ministairs_9, nicolae_snake_shapes,
          uniq_asterion
Snake:3:  layout_layer_cave
Snake:4:  grunt_snake_rune_serpentine_throne, layout_grid_shapes, special_room,
          grunt_ministairs_1, uniq_vashnia
Orc:1:    layout_caves, serial_shops, shop, nicolae_orc_stony_grotto,
          mines2_lemuel
Orc:2:    st_orc_congregation, layout_diamond_mine, serial_shops, shop

Skill      XL: |  1  2  3  4  5  6  7  8  9 10 11 12 13 14 15 16 17 |
---------------+----------------------------------------------------+-----
Long Blades    | 4 5 8 9 10 11 12 13 14 | 14.6
Fighting       | 4 5 6 7 9 11 12 13 14 15 | 15.8
Shields        | 1 2 4 5 7 9 12 14 16 | 16.8
Dodging        | 4 5 7 8 9 10 11 | 11.5
Armour         | 5 8 9 12 14 15 17 18 | 18.5
Polearms       | 7 10 13 14 | 14.0
Evocations     | 1 4 5 |  5.3

Action                   |  1- 3 |  4- 6 |  7- 9 | 10-12 | 13-15 | 16-18 || total
-------------------------+-------+-------+-------+-------+-------+-------++-------
Melee: Falchion          |    51 |    55 |   276 |   274 |       |       ||   656
       Headbutt          |    10 |    10 |    69 |   143 |   228 |   208 ||   668
       Trident           |       |       |       |   190 |  1045 |   763 ||  1998
       Double sword      |       |       |       |   137 |    64 |   121 ||   322
       Demon blade       |       |       |       |       |       |    26 ||    26
Invok: Berserk           |       |     2 |     6 |    16 |    18 |     7 ||    49
       Trog's Hand       |       |     1 |       |       |       |       ||     1
       Brothers in Arms  |       |       |     1 |     5 |    10 |     6 ||    22
Evoke: Wand              |       |       |       |       |       |     2 ||     2
  Use: Potion            |       |     1 |       |     1 |     1 |     6 ||     9
       Scroll            |       |       |     6 |    19 |    12 |     6 ||    43
 Stab: Distracted        |       |       |       |       |     1 |     1 ||     2
  Eat: Chunk             |       |     4 |     8 |    23 |    32 |     5 ||    72
       Ration            |       |     1 |     4 |     4 |     7 |     7 ||    23
Armor: Animal skin       |     8 |     4 |     1 |       |       |       ||    13
       Ring mail         |       |       |    46 |    66 |     8 |       ||   120
       Plate armour      |       |       |       |    68 |   274 |   298 ||   640
Dodge: Dodged            |    46 |    34 |   145 |   413 |   359 |   270 ||  1267
Block: Buckler           |       |       |    46 |   133 |    89 |       ||   268
       Shield            |       |       |       |       |   289 |   285 ||   574
       Large shield      |       |       |       |       |       |   402 ||   402
       Rpst.: Falchion   |    12 |    10 |    41 |    45 |       |       ||   108
       Double sword      |       |       |       |    27 |     6 |    18 ||    51
       Demon blade       |       |       |       |       |       |     1 ||     1

Table legend:
 A = Non-vault XP
 B = Vault XP
 C = Vault XP percentage of total XP
 D = Non-vault monster count
 E = Vault monster count
 F = Vault count percentage of total count
                 A         B        C        D         E       F
            +---------+---------+-------+---------+---------+-------
      Total |  175910 |  100358 |  36.3 |     754 |     279 |  27.0
            +---------+---------+-------+---------+---------+-------
        D:1 |      28 |       0 |   0.0 |      18 |       0 |   0.0
        D:2 |      86 |       0 |   0.0 |      21 |       0 |   0.0
        D:3 |      23 |     286 |  92.6 |      13 |       1 |   7.1
        D:4 |     433 |     600 |  58.1 |      14 |      10 |  41.7
        D:5 |     495 |     641 |  56.4 |      12 |       2 |  14.3
        D:6 |     758 |     970 |  56.1 |      29 |       5 |  14.7
        D:7 |     546 |     224 |  29.1 |      16 |       1 |   5.9
        D:8 |    1437 |    1533 |  51.6 |      21 |       8 |  27.6
        D:9 |    1585 |       9 |   0.6 |      28 |       5 |  15.2
       D:10 |    5563 |     533 |   8.7 |      49 |      16 |  24.6
       D:11 |    6970 |       0 |   0.0 |      36 |       0 |   0.0
     Lair:1 |    5344 |       0 |   0.0 |      24 |       0 |   0.0
     Lair:2 |    2396 |    1586 |  39.8 |      11 |      15 |  57.7
     Lair:3 |    9333 |       0 |   0.0 |      34 |       0 |   0.0
     Lair:4 |    4274 |     713 |  14.3 |      20 |       4 |  16.7
     Lair:5 |    6480 |    4405 |  40.5 |      14 |      13 |  48.1
     Lair:6 |   11180 |   10952 |  49.5 |      37 |      37 |  50.0
    Swamp:1 |   20284 |       0 |   0.0 |      54 |       0 |   0.0
    Swamp:2 |   14631 |    6850 |  31.9 |      38 |       6 |  13.6
    Swamp:3 |   12797 |    1620 |  11.2 |      29 |       1 |   3.3
    Swamp:4 |    7894 |   21529 |  73.2 |      24 |      34 |  58.6
    Snake:1 |   15568 |       0 |   0.0 |      33 |       0 |   0.0
    Snake:2 |    8948 |    8514 |  48.8 |      17 |      10 |  37.0
    Snake:3 |   13696 |       0 |   0.0 |      25 |       0 |   0.0
    Snake:4 |   15424 |   26031 |  62.8 |      34 |      41 |  54.7
      Orc:1 |    6172 |     565 |   8.4 |      67 |       1 |   1.5
      Orc:2 |    3565 |   10232 |  74.2 |      36 |      63 |  63.6
   Gauntlet |       0 |    2565 | 100.0 |       0 |       6 | 100.0
            +---------+---------+-------+---------+---------+-------
